SL
SAN MATEO DIRTY REDS @ BUCKHEAD BOWTIES
04/18/2039
 
TOP OF THE 1ST
San Mateo Dirty Reds batting - Pitching for Buckhead Bowties : RHP Matt Martin
Pitching: RHP Matt Martin
Batting: LHB Richard Edwards 0-0: Ball
1-0: Ball
2-0: Foul Ball, location: 2F
2-1: Foul Ball, location: 2F
2-2: Ball
3-2: Foul Ball, location: 2F
3-2: Fly out, F7 (Flyball, 7S, EV 83.1 MPH)
Batting: SHB Dylan Carson 0-0: Ball
1-0: Ball
2-0: SOLO HOME RUN (Line Drive, 89XD, EV 94.4 MPH), Distance : 420 ft
Batting: RHB Zahid Kashani 0-0: Called Strike
0-1: Foul Ball, location: 2F
0-2: Foul Ball, location: 2F
0-2: Foul Ball, location: 2F
0-2: Ball
1-2: Fly out, F7 (Flyball, 7D, EV 93.1 MPH)
Batting: LHB Palaie Gaoteote 0-0: Ball
1-0: Ball
2-0: Called Strike
2-1: SINGLE (Line Drive, 89S, EV 96.2 MPH)
Batting: RHB Paul Tate 0-0: Swinging Strike
0-1: Ball
1-1: Foul Ball, location: 2F
1-2: Ball
2-2: Strikes out swinging
Top of the 1st over - 1 run, 2 hits, 0 errors, 1 left on base; San Mateo 1 - Buckhead 0
BOTTOM OF THE 1ST
Buckhead Bowties batting - Pitching for San Mateo Dirty Reds : RHP Juan Moreno
Pitching: RHP Juan Moreno
Batting: LHB Charles Godard 0-0: Called Strike
0-1: Fly out, F6 (Popup, 6S, EV 63.8 MPH)
Batting: LHB Shunso Kiyomizu 0-0: Ground out 1-3 (Groundball, 34S, EV 81.2 MPH)
Batting: LHB Marcus Shill 0-0: Swinging Strike
0-1: Ball
1-1: Ball
2-1: Foul Ball, location: 2F
2-2: Ball
3-2: Ground out 4-3 (Groundball, 4, EV 103.8 MPH)
Bottom of the 1st over - 0 runs, 0 hits, 0 errors, 0 left on base; San Mateo 1 - Buckhead 0
TOP OF THE 2ND
San Mateo Dirty Reds batting - Pitching for Buckhead Bowties : RHP Matt Martin
Batting: RHB Denis Higgins 0-0: SINGLE (Groundball, 6MD, EV 96.9 MPH)
Batting: RHB Mulia Muljana 0-0: Ball
1-0: Grounds into double play, 6-4-3 (Groundball, 6, EV 86.2 MPH)
Batting: RHB Jurg Dansen 0-0: Called Strike
0-1: Ground out 2-3 (Groundball, 13S, EV 61.2 MPH)
Top of the 2nd over - 0 runs, 1 hit, 0 errors, 0 left on base; San Mateo 1 - Buckhead 0
BOTTOM OF THE 2ND
Buckhead Bowties batting - Pitching for San Mateo Dirty Reds : RHP Juan Moreno
Batting: LHB Jesús Encarnación 0-0: Ball
1-0: Swinging Strike
1-1: Ball
2-1: Swinging Strike
2-2: Ball
3-2: Strikes out swinging
Batting: RHB Hugh Mungus 0-0: Ball
1-0: Foul Ball, location: 2F
1-1: Swinging Strike
1-2: Ball
2-2: Ground out 2-3 (Groundball, 15S, EV 63.1 MPH)
Batting: RHB Emílio Agramónte 0-0: Ball
1-0: Ball
2-0: Ball
3-0: Foul Ball, location: 2F
3-1: SINGLE (Groundball, 6MD, EV 98.8 MPH)
Batting: RHB César Guerra 0-0: Called Strike
0-1: Ball
1-1: Fielders Choice at 2nd, 6-4 (Groundball, 6, EV 85.0 MPH)
Bottom of the 2nd over - 0 runs, 1 hit, 0 errors, 1 left on base; San Mateo 1 - Buckhead 0
TOP OF THE 3RD
San Mateo Dirty Reds batting - Pitching for Buckhead Bowties : RHP Matt Martin
Batting: LHB Rio Mence 0-0: Called Strike
0-1: Swinging Strike
0-2: Strikes out swinging
Batting: LHB Richard Edwards 0-0: Ball
1-0: Foul Ball, location: 2F
1-1: Swinging Strike
1-2: Ball
2-2: Strikes out swinging
Batting: SHB Dylan Carson 0-0: Called Strike
0-1: SINGLE (Flyball, 7LS, EV 84.4 MPH)
Pitching: RHP Nand Lal Chaudhary
Batting: RHB Zahid Kashani 0-0: Swinging Strike
0-1: Ball
1-1: Called Strike
1-2: Foul Ball, location: 2F
1-2: Strikes out looking
Top of the 3rd over - 0 runs, 1 hit, 0 errors, 1 left on base; San Mateo 1 - Buckhead 0
BOTTOM OF THE 3RD
Buckhead Bowties batting - Pitching for San Mateo Dirty Reds : RHP Juan Moreno
Batting: RHB Barsati Saraf 0-0: Ball
1-0: Foul Ball, location: 2F
1-1: Ball
2-1: Swinging Strike
2-2: Ball
3-2: Foul Ball, location: 2F
3-2: SINGLE (Line Drive, 9S, EV 93.8 MPH)
Batting: SHB Arend van der Veen 0-0: Ball
1-0: Called Strike
1-1: Foul Ball, location: 2F
1-2: Strikes out swinging
Batting: LHB Charles Godard 0-0: Called Strike
0-1: Ball
1-1: Ball
2-1: Called Strike
2-2: Foul Ball, location: 2F
2-2: Foul Ball, location: 2F
2-2: Ball
3-2: Base on Balls
Barsati Saraf to second
Batting: LHB Shunso Kiyomizu 0-0: Foul Ball, location: 2F
0-1: Grounds into double play, 6-4-3 (Groundball, 6M, EV 101.9 MPH)
Bottom of the 3rd over - 0 runs, 1 hit, 0 errors, 1 left on base; San Mateo 1 - Buckhead 0
TOP OF THE 4TH
San Mateo Dirty Reds batting - Pitching for Buckhead Bowties : RHP Nand Lal Chaudhary
Batting: LHB Palaie Gaoteote 0-0: Ball
1-0: SINGLE (Line Drive, 8RS, EV 90.0 MPH)
Batting: RHB Paul Tate 0-0: Ball
1-0: Ball
2-0: Called Strike
2-1: Foul Ball, location: 2F
2-2: Ball
3-2: Strikes out swinging
Batting: RHB Denis Higgins 0-0: Ball
1-0: Called Strike
1-1: Ball
2-1: Foul Ball, location: 2F
2-2: Foul Ball, location: 2F
2-2: Grounds into double play, 5-4-3 (Groundball, 56, EV 80.6 MPH)
Top of the 4th over - 0 runs, 1 hit, 0 errors, 0 left on base; San Mateo 1 - Buckhead 0
BOTTOM OF THE 4TH
Buckhead Bowties batting - Pitching for San Mateo Dirty Reds : RHP Juan Moreno
Batting: LHB Marcus Shill 0-0: Called Strike
0-1: Ground out U3 (Groundball, 3L, EV 81.9 MPH)
Batting: LHB Jesús Encarnación 0-0: Ball
1-0: Ball
2-0: Ball
3-0: Called Strike
3-1: Foul Ball, location: 2F
3-2: SOLO HOME RUN (Flyball, 7D, EV 95.0 MPH), Distance : 382 ft
Batting: RHB Hugh Mungus 0-0: Hit by Pitch
Batting: RHB Emílio Agramónte 0-0: Ball
1-0: Ball
2-0: Foul Ball, location: 2F
2-1: Ball
3-1: Base on Balls
Hugh Mungus to second
Batting: RHB César Guerra 0-0: Swinging Strike
0-1: Ball
1-1: Grounds into double play, 5-4-3 (Groundball, 56, EV 77.5 MPH)
Bottom of the 4th over - 1 run, 1 hit, 0 errors, 1 left on base; San Mateo 1 - Buckhead 1
TOP OF THE 5TH
San Mateo Dirty Reds batting - Pitching for Buckhead Bowties : RHP Nand Lal Chaudhary
Batting: RHB Mulia Muljana 0-0: Ball
1-0: Fly out, F9 (Flyball, 9D, EV 88.1 MPH)
Batting: RHB Jurg Dansen 0-0: SINGLE (Groundball, 6MD, EV 108.1 MPH)
Batting: LHB Rio Mence 0-0: Called Strike
0-1: Swinging Strike
0-2: Ball
1-2: Strikes out swinging
Batting: LHB Richard Edwards 0-0: Called Strike
0-1: Swinging Strike
0-2: Ball
1-2: Ball
2-2: Strikes out swinging
Top of the 5th over - 0 runs, 1 hit, 0 errors, 1 left on base; San Mateo 1 - Buckhead 1
BOTTOM OF THE 5TH
Buckhead Bowties batting - Pitching for San Mateo Dirty Reds : RHP Juan Moreno
Pitching: RHP Kenny Hannah
Batting: RHB Barsati Saraf 0-0: Ball
1-0: Called Strike
1-1: Ball
2-1: Foul Ball, location: 2F
2-2: Strikes out looking
Batting: SHB Arend van der Veen 0-0: Ball
1-0: Ball
2-0: Called Strike
2-1: Swinging Strike
2-2: Fly out, F7 (Flyball, 78S, EV 86.2 MPH)
Batting: LHB Charles Godard 0-0: Ball
1-0: Fly out, F4 (Popup, 4MD, EV 70.0 MPH)
Bottom of the 5th over - 0 runs, 0 hits, 0 errors, 0 left on base; San Mateo 1 - Buckhead 1
TOP OF THE 6TH
San Mateo Dirty Reds batting - Pitching for Buckhead Bowties : RHP Nand Lal Chaudhary
Batting: SHB Dylan Carson 0-0: Ball
1-0: Fly out, F7 (Flyball, 78XD, EV 91.9 MPH)
Batting: RHB Zahid Kashani 0-0: Fly out, F8 (Flyball, 78M, EV 95.6 MPH)
Batting: LHB Palaie Gaoteote 0-0: Ball
1-0: Ball
2-0: Ball
3-0: Called Strike
3-1: Called Strike
3-2: Foul Ball, location: 2F
3-2: Base on Balls
Batting: RHB Paul Tate 0-0: Ball
1-0: Ball
2-0: Ball
3-0: Called Strike
3-1: Swinging Strike
3-2: Base on Balls
Palaie Gaoteote to second
Batting: RHB Denis Higgins 0-0: Ball
1-0: Foul Ball, location: 2F
1-1: Ball
2-1: Called Strike
2-2: Foul Ball, location: 2F
2-2: Ball
3-2: Ground out 5-3 (Groundball, 56S, EV 85.6 MPH)
Top of the 6th over - 0 runs, 0 hits, 0 errors, 2 left on base; San Mateo 1 - Buckhead 1
BOTTOM OF THE 6TH
Buckhead Bowties batting - Pitching for San Mateo Dirty Reds : RHP Kenny Hannah
Batting: LHB Shunso Kiyomizu 0-0: Ball
1-0: Called Strike
1-1: Ball
2-1: Ball
3-1: Ground out 4-3 (Groundball, 4D, EV 90.6 MPH)
Batting: LHB Marcus Shill 0-0: Ball
1-0: Swinging Strike
1-1: Ball
2-1: Ball
3-1: Ground out U3 (Groundball, 3, EV 85.0 MPH)
Batting: LHB Jesús Encarnación 0-0: Ball
1-0: Ball
2-0: Ball
3-0: Base on Balls
Batting: RHB Hugh Mungus 0-0: Called Strike
0-1: Called Strike
0-2: SINGLE (Flyball, 9S, EV 90.6 MPH)
Jesús Encarnación to second
Runner from 2nd tries for 3rd, SAFE, no throw by RF
Batting: RHB Emílio Agramónte 0-0: Foul Ball, location: 2F
0-1: SINGLE (Line Drive, 7, EV 86.2 MPH)
Jesús Encarnación scores
Hugh Mungus to second
Pitching: RHP Yoshii Ikeda
Pinch Runner at 2nd Henrique de Senna Fernandes:
Batting: RHB César Guerra 0-0: Foul Ball, location: 2F
0-1: Ball
1-1: Foul Ball, location: 2F
1-2: Foul Ball, location: 2F
1-2: SINGLE (Line Drive, 6D, EV 99.4 MPH)
Henrique de Senna Fernandes to third
Emílio Agramónte to second
Runner from 3rd tries for Home, SAFE, no throw by LF
Batting: RHB Barsati Saraf 0-0: Ball
1-0: Called Strike
1-1: SINGLE (Groundball, 56D, EV 97.5 MPH)
Emílio Agramónte to third
César Guerra to second
Runner from 3rd tries for Home, SAFE, throw by LF to home
Batting: SHB Arend van der Veen 0-0: Ball
1-0: Ball
2-0: Fly out, F9 (Flyball, 9, EV 82.5 MPH)
Bottom of the 6th over - 3 runs, 4 hits, 0 errors, 2 left on base; San Mateo 1 - Buckhead 4
TOP OF THE 7TH
San Mateo Dirty Reds batting - Pitching for Buckhead Bowties : RHP Nand Lal Chaudhary
Now at 3B: Henrique de Senna Fernandes
Batting: RHB Mulia Muljana 0-0: Called Strike
0-1: Called Strike
0-2: Ground out 5-3 (Groundball, 56, EV 110.6 MPH)
Batting: RHB Jurg Dansen 0-0: Ball
1-0: Foul Ball, location: 2F
1-1: Swinging Strike
1-2: Foul Ball, location: 2F
1-2: Strikes out swinging, 2-3 out at first.
Batting: LHB Rio Mence 0-0: Called Strike
0-1: Ground out 4-3 (Groundball, 4, EV 93.8 MPH)
Top of the 7th over - 0 runs, 0 hits, 0 errors, 0 left on base; San Mateo 1 - Buckhead 4
BOTTOM OF THE 7TH
Buckhead Bowties batting - Pitching for San Mateo Dirty Reds : RHP Yoshii Ikeda
Batting: LHB Charles Godard 0-0: Ball
1-0: Called Strike
1-1: Ball
2-1: Ground out 6-3 (Groundball, 6, EV 106.2 MPH)
Batting: LHB Shunso Kiyomizu 0-0: Called Strike
0-1: Called Strike
0-2: Strikes out swinging
Batting: LHB Marcus Shill 0-0: SINGLE (Line Drive, 89M, EV 104.4 MPH)
Batting: RHB Matsudaira Sugahara 0-0: Foul Ball, location: 2F
0-1: Ball
1-1: Ball
2-1: Ball
3-1: Foul Ball, location: 2F
3-2: Foul Ball, location: 2F
3-2: Strikes out looking
Bottom of the 7th over - 0 runs, 1 hit, 0 errors, 1 left on base; San Mateo 1 - Buckhead 4
TOP OF THE 8TH
San Mateo Dirty Reds batting - Pitching for Buckhead Bowties : RHP Nand Lal Chaudhary
Pinch Hitting: RHB Kevin Baxter 0-0: Ball
1-0: SOLO HOME RUN (Flyball, 7D, EV 90.6 MPH), Distance : 378 ft
Pinch Hitting: SHB Leon Green 0-0: Called Strike
0-1: Swinging Strike
0-2: Strikes out swinging
Pitching: LHP Yajirobei Otomo
Pinch Hitting: RHB Jesús Gómez 0-0: Called Strike
0-1: Ball
1-1: Swinging Strike
1-2: Fly out, F3 (Popup, 3F, EV 58.8 MPH)
Batting: RHB Jimmy Scott 0-0: Called Strike
0-1: Ball
1-1: Ball
2-1: Fly out, F7 (Flyball, 78S, EV 75.6 MPH)
Top of the 8th over - 1 run, 1 hit, 0 errors, 0 left on base; San Mateo 2 - Buckhead 4
BOTTOM OF THE 8TH
Buckhead Bowties batting - Pitching for San Mateo Dirty Reds : RHP Yoshii Ikeda
Now at 1B: Jesús Gómez
Now in LF: Leon Green
Now in RF: Kevin Baxter
Batting: SHB Henrique de Senna Fernandes 0-0: Foul Ball, location: 2F
0-1: Called Strike
0-2: Ball
1-2: Strikes out swinging
Pitching: RHP Lorenzo Fabián
Batting: RHB Emílio Agramónte 0-0: Foul Ball, location: 2F
0-1: Fly out, F2 (Popup, 2RF, EV 86.9 MPH)
Batting: RHB César Guerra 0-0: Called Strike
0-1: Fly out, F4 (Line Drive, 4, EV 70.6 MPH)
Bottom of the 8th over - 0 runs, 0 hits, 0 errors, 0 left on base; San Mateo 2 - Buckhead 4
TOP OF THE 9TH
San Mateo Dirty Reds batting - Pitching for Buckhead Bowties : LHP Yajirobei Otomo
Pitching: RHP Anthony Hurst
Batting: RHB Paul Tate 0-0: Ball
1-0: Ball
2-0: Ball
3-0: Called Strike
3-1: Base on Balls
Pinch Hitting: RHB Sergio San Martín 0-0: Ball
1-0: Foul Ball, location: 2F
1-1: Called Strike
1-2: Ball
2-2: Strikes out swinging
Batting: RHB Mulia Muljana 0-0: Ball
1-0: Ball
2-0: Called Strike
2-1: Foul Ball, location: 2F
2-2: Foul Ball, location: 2F
2-2: Strikes out swinging
Batting: RHB Jurg Dansen 0-0: Reached on error, E4 (Groundball, 4, EV 103.8 MPH)
Paul Tate to second
Batting: LHB Rio Mence 0-0: Fielders Choice at 2nd, 6-4 (Groundball, 4M, EV 80.0 MPH)
Top of the 9th over - 0 runs, 0 hits, 1 error, 2 left on base; San Mateo 2 - Buckhead 4
Wednesday, July 8th, 2020 - OOTP Baseball 20.8 Build 74